 Dungeon Crawl Stone Soup version 0.17.0-24-gcfadda4 (webtiles) character file.

1038 inmateoo the Jester (level 8, -1/61 HPs)
             Began as a Formicid Artificer on Nov 17, 2015.
             Was a Follower of Nemelex Xobeh.
             Slain by a purple ugly thing (9 damage)
             ... summoned by the player character
             ... on level 6 of the Dungeon.
             The game lasted 00:14:03 (6011 turns).

inmateoo the Jester (Formicid Artificer)            Turns: 6011, Time: 00:14:03

Health: -1/61      AC:  3    Str: 17    XL:     8   Next: 48%
Magic:  12/12      EV: 13    Int: 12    God:    Nemelex Xobeh [*.....]
Gold:   248        SH:  0    Dex: 12    Spells: 0 memorised, 7 levels left

rFire  . . .     SeeInvis +     h - +2 short sword (venom)
rCold  . . .     Clarity  .     b - +0 leather armour
rNeg   . . .     SustAt   .     (no shield)
rPois  .         Gourm    .     (helmet unavailable)
rElec  .         Spirit   .     (no cloak)
rCorr  .         Warding  .     (no gloves)
rMut   .         Stasis   +     (no boots)
MR     .....                    p - amulet of regeneration
Stlth  +.........               (no ring)
                                (no ring)

@: lethally poisoned (-1 -> -3), drained, not resistant to hostile enchantments,
very unstealthy
A: permanent stasis, dig shafts and tunnels, four strong arms, antennae 3
a: Dig, Shaft Self, Renounce Religion


You were on level 6 of the Dungeon.
You worshipped Nemelex Xobeh.
Nemelex Xobeh was aware of your devotion.
You were not hungry.

You visited 1 branch of the dungeon, and saw 6 of its levels.

You collected 248 gold pieces.

Inventory:

Hand Weapons
 h - a +2 short sword of venom (weapon)
 n - a +0 falchion
Armour
 b - a +0 leather armour (worn)
Magical Staves
 i - an uncursed staff of earth
Jewellery
 p - an amulet of regeneration (around neck)
Wands
 c - a wand of flame (11)
 d - a wand of enslavement (12)
 e - a wand of random effects (15)
 m - a wand of polymorph (13)
 o - a wand of magic darts (27)
 u - a wand of digging (3)
Scrolls
 k - a scroll of remove curse
 v - 2 scrolls of fear {unknown}
Potions
 a - a potion of heal wounds
 j - 2 potions of flight
 l - a potion of agility
 r - a potion of lignification
 s - a potion of invisibility {unknown}
 w - a potion of resistance {unknown}
Miscellaneous
 q - a plain deck of summoning {drawn: 5}
 t - a plain deck of destruction {drawn: 4}
Comestibles
 f - 7 bread rations
 g - 3 meat rations


   Skills:
 + Level 4.7(3.7) Fighting
 - Level 1.0(1.6) Short Blades
 * Level 3.7(2.9) Long Blades
 + Level 4.0(3.1) Armour
 + Level 4.3(3.4) Dodging
 - Level 1.2(0.3) Stealth
 + Level 5.5(4.5) Evocations


You had 7 spell levels left.
You didn't know any spells.

Dungeon Overview and Level Annotations

Branches:
Dungeon (6/15)             Temple (0/1) D:4

Altars:
Elyvilon
Nemelex Xobeh
Okawaru
Yredelemnul

Shops:
D:4 =   D:5 %   D:6 (

Annotations:
D:6 Eustachio, Sigmund


Innate Abilities, Weirdness & Mutations

You are under a permanent stasis effect.
You can dig through walls and to a lower floor.
Your four strong arms can wield two-handed weapons with a shield.
You have a pair of large antennae on your head (SInv).


Message History

Your white ugly thing tail-slaps Sigmund!
Your white ugly thing freezes Sigmund!
Sigmund casts a spell at you. The puff of flame misses you.
The purple ugly thing claws you!
Your white ugly thing closely misses Sigmund.
Unknown command.
Sigmund hits you from afar with a scythe of venom!
You are poisoned.
The purple ugly thing claws you!
Your white ugly thing completely misses Sigmund.
You hit the purple ugly thing but do no damage.
The purple ugly thing is poisoned.
You feel sick. Sigmund barely misses you. The purple ugly thing claws you!!
* * * LOW HITPOINT WARNING * * *
Your white ugly thing tail-slaps Sigmund but does no damage.
Unknown command.
Unknown command.
You feel sick. The purple ugly thing claws you!
You die...
Your body disappears without a glow.

#... #.# ..........#..##.#
+....##.# # .............##.#
#.......#.# #.............#.#
#.a..$.<..# #.............#.#
#.##...######......##+#+#...##
#... ...@u #......... { #...
#..#+# ###.##..## #... #.#.#
#...#..>## #... #@u.#
#.#.###... .... #.∩.#
#.#...+... .....
#...#####.#.###...
#####.#.#...[.#.#.....
........#.#####)#.#.##
...............<#.#.#
#........#.###.###.#.#
#........+.#.........#
#........###.#.###.###


You could see a purple ugly thing, Sigmund and a friendly white ugly thing.

Vanquished Creatures
  A hippogriff (D:6)
  A centaur (D:5)
  An ogre (D:4)
  A scorpion (D:4)
  A wight (D:6)
  A crimson imp (D:5)
  A jelly (D:5)
  An iguana (D:4)
  An orc priest (D:4)
  2 hounds (D:4)
  A centaur skeleton (D:5)
  An orc wizard (D:3)
  2 worker ants (D:4)
  A worker ant zombie (D:5)
  4 gnolls (D:2)
  7 adders
  An adder zombie (D:3)
  2 adder skeletons (D:4)
  3 worms
  3 giant geckos
  15 orcs
  3 bats
  4 giant cockroaches
  11 goblins
  9 hobgoblins
  7 kobolds
  A quokka (D:3)
  3 giant newts (D:1)
  7 jackals
  A jackal skeleton (D:4)
  7 rats
104 creatures vanquished.

Vanquished Creatures (collateral kills)
  Grinder (D:5)
  2 wights
  A giant cockroach zombie (D:6)
4 creatures vanquished.

Grand Total: 108 creatures vanquished

Notes
Turn   | Place    | Note
--------------------------------------------------------------
     0 | D:1      | inmateoo the Formicid Artificer began the quest for the Orb.
     0 | D:1      | Reached XP level 1. HP: 15/15 MP: 3/3
   153 | D:1      | Reached XP level 2. HP: 21/21 MP: 4/4
   471 | D:1      | Reached XP level 3. HP: 20/27 MP: 5/5
  1316 | D:2      | Found an iron altar of Okawaru.
  1609 | D:2      | Reached skill level 1 in Armour
  1609 | D:2      | Reached XP level 4. HP: 29/34 MP: 6/6
  2085 | D:3      | Reached XP level 5. HP: 39/39 MP: 7/7
  2399 | D:3      | Reached skill level 4 in Evocations
  3024 | D:4      | Reached XP level 6. HP: 34/47 MP: 9/9
  3670 | D:4      | Noticed an ogre
  3908 | D:4      | Found a sparkling altar of Nemelex Xobeh.
  4273 | D:4      | Became a worshipper of Nemelex Xobeh the Trickster
  4337 | D:4      | Reached skill level 1 in Long Blades
  4478 | D:4      | Reached XP level 7. HP: 52/52 MP: 10/10
  4509 | D:4      | Received a gift from Nemelex Xobeh
  4564 | D:4      | Found a white marble altar of Elyvilon.
  4615 | D:4      | Found Hetafice's Jewellery Shop.
  4625 | D:4      | Found a staircase to the Ecumenical Temple.
  5018 | D:4      | Killed an ogre
  5035 | D:4      | Reached skill level 5 in Evocations
  5056 | D:5      | Entered Level 5 of the Dungeon
  5056 | D:5      | Found Qeffo's Food Emporium.
  5056 | D:5      | Noticed Grinder
  5074 | D:5      | Killed Grinder
  5249 | D:5      | Found a basalt altar of Yredelemnul.
  5499 | D:5      | Reached * piety under Nemelex Xobeh
  5658 | D:5      | Reached XP level 8. HP: 35/60 MP: 11/11
  5710 | D:6      | Noticed Eustachio
  5999 | D:6      | Found Keenaj's Weapon Emporium.
  6003 | D:6      | Noticed Sigmund
  6006 | D:6      | Noticed a purple ugly thing
  6011 | D:6      | Slain by a purple ugly thing

Action                   |  1- 3 |  4- 6 |  7- 9 || total
-------------------------+-------+-------+-------++-------
Melee: Short sword       |    81 |   156 |   115 ||   352
       Dagger            |       |    18 |    27 ||    45
Evoke: Wand              |     1 |       |     6 ||     7
       Deck              |       |       |     9 ||     9
  Use: Scroll            |     3 |     4 |     4 ||    11
 Stab: Sleeping          |     3 |     4 |     1 ||     8
       Betrayed ally     |       |       |     1 ||     1
  Eat: Chunk             |     2 |     9 |     3 ||    14
       Meat ration       |       |       |     1 ||     1
